 Dungeon Crawl Stone Soup version 0.30-b1-2-g02819fbbbe (webtiles) character file.

Game seed: 13367923003837659766

93 Keeldawg the Chopper (level 4, -3/40 HPs)
             Began as a Minotaur Berserker on May 17, 2023.
             Was a Believer of Trog.
             Slain by a cerulean imp
             ... wielding a +2 spear
             ... summoned by Natasha
              (4 damage)
             ... on level 3 of the Dungeon.
             The game lasted 00:04:53 (1592 turns).

Keeldawg the Chopper (Minotaur Berserker)           Turns: 1592, Time: 00:04:57

Health: -3/40      AC:  5    Str: 22    XL:     4   Next: 37%
Magic:  3/3        EV: 10    Int: 10    God:    Trog [**....]
Gold:   135        SH:  7    Dex: 11    Spells: 3/3 levels left

rFire   . . .        a - +0 hand axe
rCold   . . .        h - +0 kite shield
rNeg    . . .        g - +0 ring mail
rPois   .            (helmet restricted)
rElec   .            (no cloak)
rCorr   .            (no gloves)
SInv    .            (no boots)
Will    .....        d - amulet of faith
Stlth   +            f - +6 ring of intelligence
HPRegen 0.26/turn    (no ring)
MPRegen 0.08/turn

%: faith
@: on berserk cooldown, slowed, very slow
A: horns 2, retaliatory headbutt
a: Renounce Religion, Berserk, Trog's Hand


You were on level 3 of the Dungeon.
You worshipped Trog.
Trog was pleased with you.
You visited 1 branch of the dungeon, and saw 3 of its levels.

You collected 135 gold pieces.

Inventory:

Hand Weapons
 a - a +0 hand axe (weapon)
Armour
 b - a +0 animal skin
 g - a +0 ring mail (worn)
 h - a +0 kite shield (worn)
 p - a +0 scale mail
Jewellery
 d - an amulet of faith (around neck)
 f - a +6 ring of intelligence (left hand)
 o - an amulet of the acrobat
Scrolls
 k - a scroll of identify {unknown}
 m - 2 scrolls of immolation {unknown}
 n - a scroll of noise {unknown}
Potions
 c - a potion of mutation {unknown}
 e - 2 potions of curing {unknown}
 i - a potion of heal wounds {unknown}
 j - 2 potions of degeneration {unknown}
 l - a potion of attraction {unknown}


   Skills:
 + Level 4.1 Fighting
 * Level 5.4 Axes
 * Level 3.2 Armour
 - Level 2.1 Dodging
 * Level 0.9 Shields


You had 3 spell levels left.
You didn't know any spells.
Your spell library was empty.

Dungeon Overview and Level Annotations

Branches:
Dungeon (3/15)

Altars:

Annotations:
D:3 Grinder, Natasha


Innate Abilities, Weirdness & Mutations

You have a pair of horns on your head.
You reflexively headbutt those who attack you in melee.


Message History

Grinder gestures at you.
You suddenly lose the ability to move!
The cerulean imp hits you but does no damage.
You hear some strange, mumbled words.
Grinder gestures at you. Pain shoots through your body!
The cerulean imp hits you from afar with a +2 spear.
You hear the brisk rusting of a very distant drain.
Grinder hits you.
The cerulean imp hits you from afar with a +2 spear.
The cerulean imp hits you but does no damage.
Grinder hits you but does no damage.
The cerulean imp hits you from afar with a +2 spear. x2
Grinder says, "There's only one good use for a tongue: cutting it out."
Grinder hits you but does no damage.
The cerulean imp hits you but does no damage.
The cerulean imp hits you from afar with a +2 spear.
Grinder hits you.
You writhe in agony.
The cerulean imp barely misses you. x2
You can move again.
You barely miss Grinder.
Grinder is almost dead.
Grinder hits you.
* * * LOW HITPOINT WARNING * * *
The cerulean imp barely misses you.
You closely miss Grinder.
Grinder is almost dead.
You are no longer berserk.
You are exhausted.
You feel yourself slow down.
The cerulean imp hits you from afar with a +2 spear.
* * * LOW HITPOINT WARNING * * *
Unknown command.
You hit Grinder.
Grinder is almost dead.
Grinder hits you.
* * * LOW HITPOINT WARNING * * *
You writhe in agony.
* * * LOW HITPOINT WARNING * * *
The cerulean imp hits you from afar with a +2 spear.
You die...

##.#.##### #. ...
#.#....†#...
#..#.#
##...#.....##
#..#.#
.##.#..#....##
..#.##.
#.#.....⌠... ..5..
#.#.#..#.#.# {55
#.#.#......#
#5#####.......#...
#@#...............
#.#.#####.....##.#
#.#.#####.....##..
#......##.....##..
###.##.##.....##..
#.......######..
####.#### #[. #.#
##. #.# #.


You could see Grinder and 3 cerulean imps.

Vanquished Creatures
  A sleepcap (D:3)
  3 adders
  4 ball pythons
  2 bats (D:2)
  4 endoplasms
  2 giant cockroaches (D:3)
  A goblin (D:2)
  5 hobgoblins
  4 jackals (D:2)
  3 kobolds
  2 quokkas (D:1)
  2 frilled lizards (D:1)
  5 rats
38 creatures vanquished.

Notes
Turn   | Place    | Note
-------+----------+-------------------------------------------
     0 | D:1      | Keeldawg the Minotaur Berserker began the quest for the
                  | Orb.
     0 | D:1      | Reached XP level 1. HP: 19/19 MP: 0/0
   205 | D:1      | Reached skill level 4 in Axes
   235 | D:1      | Reached XP level 2. HP: 27/27 MP: 1/1
   321 | D:1      | Found a faded altar of an unknown god.
   865 | D:2      | Reached ** piety under Trog
   866 | D:2      | Reached XP level 3. HP: 23/33 MP: 2/2
  1379 | D:3      | Reached skill level 5 in Axes
  1398 | D:3      | Reached XP level 4. HP: 38/40 MP: 3/3
  1577 | D:3      | Noticed Grinder
  1577 | D:3      | Noticed Natasha
  1577 | D:3      | Paralysed by Grinder for 3 turns
  1584 | D:3      | Paralysed by Grinder for 5 turns
  1592 | D:3      | HP: 1/40 [Grinder (4)]
  1592 | D:3      | Slain by a cerulean imp

Illustrated notes

Levels and vault maps discovered:
D:1:      dpeg_arrival_shrine, layout_basic, ebering_ecumenical_altar_webs,
          grunt_decor_mini_mirrors
D:2:      layout_rooms
D:3:      layout_loops_cross, gup_sewer_entry_bubbles, hangedman_feature_mirror,
          uniq_grinder, uniq_terence, uniq_ijyb, uniq_natasha

Skill      XL: |  1  2  3 |
---------------+----------+-----
Axes           | 4 5 |  5.4
Armour         | 3 |  3.2
Fighting       | 4 |  4.1
Dodging        | |  2.1
Shields        | |  0.9

Action                     |  1- 3 |  4- 6 || total
---------------------------+-------+-------++-------
  Melee: Hand axe          |    73 |     7 ||    80
         Headbutt          |     8 |     2 ||    10
 Invoke: Berserk           |       |     1 ||     1
 Armour: Animal skin       |    10 |       ||    10
         Ring mail         |     8 |     5 ||    13
  Dodge: Dodged            |    56 |     5 ||    61
  Block: Kite shield       |     7 |     1 ||     8
